 Dungeon Crawl Stone Soup version 0.20.0-8-g6b59dc7 (webtiles) character file.

873 Hasart the Cudgeler (level 8, -2/54 HPs)
             Began as an Octopode Fighter on June 1, 2017.
             Was an Initiate of Okawaru.
             Slain by a water moccasin (5 damage)
             ... on level 5 of the Dungeon.
             The game lasted 00:10:56 (4870 turns).

Hasart the Cudgeler (Octopode Fighter)              Turns: 4870, Time: 00:10:59

Health: -2/54      AC:  1    Str: 15 (17) XL:     8   Next: 4%
Magic:  9/9        EV: 12    Int:  9 (10) God:    Okawaru [......]
Gold:   222        SH:  9    Dex: 10 (12) Spells: 7/7 levels left

rFire    . . .     SeeInvis .   a - +0 flail
rCold    + . .     Gourm    +   b - +0 shield
rNeg     . . .     Faith    .   (helmet restricted)
rPois    .         Spirit   .   y - amulet of the gourmand
rElec    .         Reflect  .   p - ring of protection from cold
rCorr    .         Harm     .   q - ring of flight
MR       .....                  (no ring)
Stlth    ++........             (no ring)
Regen    0.2/turn               (no ring)
MPRegen  0.2/turn               (no ring)
                                (no ring)
                                (no ring)

@: lethally poisoned (-2 -> -17)
A: almost no armour, stealthy swim, amphibious, 8 rings, constrict 8, camouflage
1, gelatinous body 1
a: Renounce Religion, Evoke Flight


You were on level 5 of the Dungeon.
You worshipped Okawaru.
Okawaru was noncommittal.
You were not hungry.

You visited 2 branches of the dungeon, and saw 6 of its levels.

You collected 222 gold pieces.

Inventory:

Hand Weapons
 a - a +0 flail (weapon)
Armour
 b - a +0 shield (worn)
Jewellery
 p - a ring of protection from cold (left tentacle)
 q - a ring of flight (right tentacle)
 y - an amulet of the gourmand (around mantle)
Wands
 z - a wand of iceblast (5/15)
Scrolls
 c - 2 scrolls of teleportation {unknown}
 e - 3 scrolls of identify {unknown}
 f - a scroll of noise {unknown}
 g - 2 scrolls of fog {unknown}
 i - 3 scrolls of amnesia {unknown}
 k - 3 scrolls of immolation {unknown}
 m - a scroll of fear {unknown}
 u - 2 scrolls of remove curse {unknown}
 w - a scroll of random uselessness {unknown}
 x - a scroll of silence {unknown}
Potions
 h - 2 potions of heal wounds {unknown}
 j - a potion of agility {unknown}
 l - 2 potions of haste {unknown}
 o - 2 potions of degeneration
 r - a potion of lignification {unknown}
 v - 2 potions of mutation {unknown}
Comestibles
 d - 2 bread rations
 n - 3 meat rations
 s - 3 fruits
 t - 2 royal jellies


   Skills:
 + Level 4.8 Fighting
 * Level 5.9 Maces & Flails
 + Level 4.5 Dodging
 + Level 4.8 Shields
 + Level 0.9 Invocations
 * Level 1.5 Evocations


You had 7 spell levels left.
You didn't know any spells.

Dungeon Overview and Level Annotations

Branches:
Dungeon (5/15)             Temple (1/1) D:4

Altars:
Ashenzari
Cheibriados
Dithmenos
Fedhas
Hepliaklqana
Kikubaaqudgha
Makhleb
Okawaru
Qazlal
Ru
Sif Muna
Trog
Uskayaw
Vehumet
Xom
Yredelemnul
The Shining One

Annotations:
D:3 Sigmund


Innate Abilities, Weirdness & Mutations

You cannot wear most types of armour.
You are very stealthy in the water. (Stealth+)
You are amphibious.
You can wear up to eight rings at the same time.
You can use your tentacles to constrict eight enemies at once.
Your skin changes colour to match your surroundings (Stealth+).
Your rubbery body absorbs attacks. (AC +1, EV +1)


Message History

You block the water moccasin's attack.
Your shield prevents you from hitting the water moccasin.
You grab the water moccasin.
The water moccasin is lightly wounded.
You constrict the water moccasin.
You feel sick. The water moccasin barely misses you.
You block the water moccasin's attack.
You sock the water moccasin!
You squeeze the water moccasin, but do no damage.
The water moccasin is heavily wounded.
You constrict the water moccasin.
You feel sick. The water moccasin bites you!
* * * LOW HITPOINT WARNING * * *
The water moccasin bites you.
* * * LOW HITPOINT WARNING * * *
It was a potion of degeneration.
There was something very wrong with that liquid.
You feel weakened.
You feel dopey.
You feel clumsy.
You constrict the water moccasin.
* * * LOW HITPOINT WARNING * * *
You feel sick. The water moccasin bites you.
You die...

.........#####......# ..
..#................# ...
..+....######......# ##.#
#.#....# #......# #...#
#.#....# #......#
.(...##.#.#+#######......#
......#..(................
.._.....#S#.########....##
......#<.@#.# #..#.#
.....####.#.########.##.##
#...##....#.........##...#
##. #..####........##.....
# #...# #........#......
#.#.###.#.#........_..
#.#..##.#.#....#......
#.##.##.#.#....##.....
#.##.##.#.#.....##...#


You could see a water moccasin.

Vanquished Creatures
  The ghost of kraftydee the Skirmisher, an amateur HOFi of Zin (D:3)
  Duvessa (D:5)
  An ogre (D:4)
  Dowan (D:5)
  A scorpion (D:4)
  A crimson imp (D:4)
  3 orc wizards
  An orc priest (D:3)
  5 worker ants
  A hound skeleton (D:4)
  3 gnolls (D:3)
  3 adders
  2 worms
  A dart slug (D:3)
  3 leopard geckos
  17 orcs
  A ball python (D:4)
  5 giant cockroaches
  3 hobgoblins
  9 jackals
  6 kobolds
  A quokka (D:4)
  8 bats
  4 frilled lizards
  A goblin (D:3)
  A hobgoblin zombie (D:4)
  2 kobold skeletons (D:4)
  A kobold zombie (D:4)
  An orc skeleton (D:4)
  4 orc zombies (D:4)
  5 rats
97 creatures vanquished.

Notes
Turn   | Place    | Note
-------+----------+-------------------------------------------
     0 | D:1      | Hasart the Octopode Fighter began the quest for the Orb.
     0 | D:1      | Reached XP level 1. HP: 16/16 MP: 1/1
   388 | D:1      | Reached XP level 2. HP: 15/21 MP: 2/2
   660 | D:1      | Found a shadowy altar of Dithmenos.
   662 | D:1      | Found a shimmering altar of Xom.
   662 | D:1      | Found a blossoming altar of Fedhas.
   665 | D:1      | Found an iron altar of Okawaru.
   665 | D:1      | Found a deep blue altar of Sif Muna.
   665 | D:1      | Found a hazy altar of Hepliaklqana.
   685 | D:1      | You fall through a shaft!
   761 | D:2      | Reached XP level 3. HP: 22/26 MP: 3/3
  1068 | D:2      | Reached skill level 3 in Maces & Flails
  1688 | D:3      | Reached XP level 4. HP: 25/31 MP: 4/4
  1891 | D:3      | Reached XP level 5. HP: 12/36 MP: 5/5
  2256 | D:3      | Noticed kraftydee's ghost (amateur HOFi)
  2563 | D:3      | Noticed Sigmund
  2570 | D:3      | Reached skill level 4 in Maces & Flails
  2902 | D:3      | Killed kraftydee's ghost
  2902 | D:3      | Reached XP level 6. HP: 9/43 MP: 6/6
  3529 | D:4      | Found a staircase to the Ecumenical Temple.
  3538 | Temple   | Entered the Ecumenical Temple
  3844 | D:4      | Found a glowing golden altar of the Shining One.
  3856 | D:4      | Reached skill level 5 in Maces & Flails
  3856 | D:4      | Reached XP level 7. HP: 36/48 MP: 7/7
  4371 | D:4      | Found a sacrificial altar of Ru.
  4485 | D:4      | Found a stormy altar of Qazlal.
  4560 | D:5      | Entered Level 5 of the Dungeon
  4560 | D:5      | Found a shadowy altar of Dithmenos.
  4593 | D:5      | Found an iron altar of Okawaru.
  4620 | D:5      | Became a worshipper of Warmaster Okawaru
  4659 | D:5      | Found a shimmering altar of Xom.
  4697 | D:5      | Noticed Duvessa
  4697 | D:5      | Noticed Dowan
  4705 | D:5      | Killed Duvessa
  4705 | D:5      | Reached skill level 1 in Evocations
  4708 | D:5      | Killed Dowan
  4708 | D:5      | Reached XP level 8. HP: 48/54 MP: 7/9
  4870 | D:5      | Slain by a water moccasin

Skill      XL: |  1  2  3  4  5  6  7 |
---------------+----------------------+-----
Maces & Flails | 3 4 5 |  5.9
Fighting       | 4 |  4.8
Shields        | 4 |  4.8
Dodging        | 4 |  4.5
Evocations     | 1 |  1.5
Invocations    | |  0.9

Action                   |  1- 3 |  4- 6 |  7- 9 || total
-------------------------+-------+-------+-------++-------
Melee: Flail             |    74 |   106 |    59 ||   239
       Constrict         |    17 |    27 |    13 ||    57
       Tentacles         |     9 |    27 |    19 ||    55
  Use: Potion            |       |     1 |     1 ||     2
 Stab: Sleeping          |     3 |     3 |     3 ||     9
  Eat: Chunk             |     1 |     8 |     5 ||    14
Armor: Skin              |     6 |     2 |     2 ||    10
Dodge: Dodged            |    37 |    44 |    21 ||   102
Block: Shield            |    35 |    54 |    23 ||   112
